 Dungeon Crawl Stone Soup version 0.31-a0-369-g8eba5f6939 (webtiles) character file.

Game seed: 15581953756085531677

6827 floatRand the Grappler (level 10, -2/71 HPs)
             Began as a Yellow Draconian Shapeshifter on July 28, 2023.
             Was a Believer of Wu Jian.
             Slain by a troll (8 damage)
             ... on level 10 of the Dungeon.
             The game lasted 00:10:21 (8261 turns).

floatRand the Grappler (DrSh)                       Turns: 8261, Time: 00:10:21

Health: -2/71      AC:  7    Str: 17    XL:     10   Next: 77%
Magic:  10/10      EV: 15    Int:  9    God:    Wu Jian [**....]
Gold:   455        SH:  0    Dex: 22    Spells: 9/9 levels left

rFire   . .          .
                       - Unarmed
rCold   . . .        (no shield)
rNeg    . . .        (body armour unavailable)
rPois   .            (helmet currently unavailable)
rElec   .            (cloak currently unavailable)
rCorr   +            (gloves currently unavailable)
SInv    .            (boots currently unavailable)
Will    .....        q - amulet of regeneration
Stlth   +++          u - +6 ring of dexterity
HPRegen 1.11/turn    (no ring)
MPRegen 0.12/turn

%: no passive effects
@: about to teleport, short of breath, beast-form, marked
A: beast (slay +5), spit acid, AC +7, unfitting armour, cold-blooded, acid
resistance
a: Breathe Acid, Begin Untransformation, Renounce Religion, Wall Jump


You were on level 10 of the Dungeon.
You worshipped Wu Jian.
Wu Jian was pleased with you.
You were a hulking beast.
You visited 2 branches of the dungeon, and saw 11 of its levels.

You collected 455 gold pieces.

Inventory:

Missiles
 h - 6 curare-tipped darts
 x - a throwing net
Armour
 d - a +1 pair of gloves
 n - a +0 pair of boots
 B - a scarf of invisibility
Jewellery
 c - a ring of fire
 q - an amulet of regeneration (around neck)
 u - a +6 ring of dexterity (left hand)
 D - a ring of magical power
Talismans
 b - a beast talisman
 g - a blade talisman
 E - a serpent talisman
Wands
 f - a wand of mindburst (17)
 k - a wand of digging (8)
 s - a wand of roots (16)
 w - a wand of paralysis (8)
 y - a wand of flame (13)
Scrolls
 l - a scroll of teleportation
 o - 2 scrolls of revelation
 t - 2 scrolls of fog
 z - a scroll of enchant weapon
 A - a scroll of vulnerability {unknown}
 C - a scroll of identify
 F - a scroll of silence
Potions
 a - a potion of lignification
 e - 3 potions of haste
 i - 3 potions of curing
 j - a potion of berserk rage
 m - 3 potions of might
 p - 2 potions of mutation
 r - 3 potions of heal wounds {unknown}
 v - a potion of enlightenment {unknown}


   Skills:
 - Level 1.1 Fighting
 + Level 5.0 Dodging
 - Level 4.0 Stealth
 * Level 12.6 Unarmed Combat
 + Level 8.0 Shapeshifting


You had 9 spell levels left.
You didn't know any spells.
Your spell library contained the following spells:

 Spells                   Type           Power      Damage    Failure   Level
 Foxfire                  Conj/Fire      0%         2x1d4     38%         1
 Magic Dart               Conj           0%         1d3       38%         1
 Summon Small Mammal      Summ           0%         N/A       38%         1
 Sublimation of Blood     Necr           0%         N/A       52%         2
 Wereblood                Tmut           0%         N/A       52%         2
 Call Canine Familiar     Summ           0%         N/A       77%         3
 Inner Flame              Hex/Fire       0%         N/A       77%         3
 Summon Guardian Golem    Hex/Summ       0%         N/A       77%         3
 Animate Dead             Necr           0%         N/A       99%         4
 Flame Wave               Conj/Fire      0%         2d4       99%         4
 Sticky Flame             Conj/Fire      0%         2d3       99%         4
 Borgnjor's Vile Clutch   Necr/Erth      0%         N/A       100%        5
 Death Channel            Necr           0%         N/A       100%        6
 Summon Hydra             Summ           0%         N/A       100%        7


Dungeon Overview and Level Annotations

Branches:
Dungeon (11/15)            Temple (1/1) D:5            Lair (0/5) D:10
    Orc (0/2) D:11

Altars:
Ashenzari
Cheibriados
Elyvilon
Fedhas
Gozag
Hepliaklqana
Kikubaaqudgha
Makhleb
Nemelex Xobeh
Okawaru
Qazlal
Ru
Sif Muna
Trog
Uskayaw
Wu Jian
Xom
Yredelemnul
Zin
The Shining One
Lugonu

Shops:
D:10 (

Annotations:
D:7 Dowan, Duvessa
D:10 exclusion: orange crystal statue


Innate Abilities, Weirdness & Mutations

You are a hulking beast.
Your limbs bulge with bestial killing power. (Slay +5)
You can spit globs of acid.
Your golden yellow scales are hard. (AC +7)
You cannot fit into any form of body armour.
You are cold-blooded and may be slowed by cold attacks.
You are resistant to acid. (rCorr)


Message History

You pummel the two-headed ogre!! You tail-slap the two-headed ogre.
The two-headed ogre is severely wounded.
Something hits you!
You punch the two-headed ogre!
The two-headed ogre is almost dead.
Something hits you but does no damage.
The two-headed ogre hits you with a +0 giant spiked club!
The two-headed ogre barely misses you.
You punch the two-headed ogre!
Your tail-slap misses the two-headed ogre.
The two-headed ogre is almost dead.
You punch the two-headed ogre!
You kill the two-headed ogre!
The Council accepts your kill. Something hits you but does no damage.
The centaur wields a +0 orcbow.
The centaur shoots an arrow.
The arrow hits you.
An ogre comes into view. It is wielding a +0 giant club.
Your Dodging skill increases to level 5!
Your Shapeshifting skill increases to level 8!
Unknown command.
As you read the scroll of teleportation, it crumbles to dust.
You feel strangely unstable. Something hits you.
The troll bites you but does no damage. The troll closely misses you.
The troll claws you.
* * * LOW HITPOINT WARNING * * *
The shadow hits you.
* * * LOW HITPOINT WARNING * * *
You spin and attack the shadow repeatedly.
You completely miss the shadow. You punch the shadow!
The shadow is heavily damaged.
Something hits you.
* * * LOW HITPOINT WARNING * * *
The shadow hits you.
An ogre comes into view. It is wielding a +0 giant club.
Something hits you.
* * * LOW HITPOINT WARNING * * *
Unknown command.
The troll attacks as you move away! The troll closely misses you.
The troll claws you!
You die...

.##......>#.##..^#
#.#####.##.
.##.......#........#
#.#####.##. ....#.###..
........ .#.......##.
......#
#####......##.#########..
.....## #.#.......### #..
.....# #####.#.##......#
#.. #...##
#...............## #..
##.## #.......##.#......
####..
#.######.......hTWOc#
......
#.##...#.........O#.#
......
#......#.......#### #
...... ####...#......[#
...... ##.##)......#
...... #)).#..#####
...... #))###.... ......
#)## ##....# 8=.... ##.##
.##.# .....W


You could see a troll, 2 ogres, a shadow and a centaur.

Vanquished Creatures
  2 two-headed ogres
  Pikel (D:6)
  A gargoyle (D:8)
  Maggie (D:7)
  2 trolls
  Prince Ribbit (D:7)
  2 shadows (D:11)
  4 yaks (D:10)
  A steam dragon (D:8)
  A sky beast (D:6)
  4 orc warriors
  An ice beast (D:6)
  A black bear (D:6)
  2 ogres
  A centaur (D:5)
  A phantom (D:6)
  2 kobold brigands
  4 bullfrogs
  3 scorpions
  4 howler monkeys
  A quasit (D:7)
  9 orc priests
  3 hounds
  A sleepcap (D:8)
  A gnoll bouda (D:5)
  2 iguanas
  Natasha (thrice) (D:2)
  12 orc wizards
  Robin (D:4)
  18 gnolls
  7 adders
  6 white imps
  A worm (D:4)
  A dart slug (D:5)
  26 orcs
  6 ball pythons
  6 endoplasms
  5 giant cockroaches
  11 goblins
  8 hobgoblins
  3 quokkas
  6 bats
  A frilled lizard (D:3)
  19 kobolds
  5 rats
201 creatures vanquished.

Vanquished Creatures (others)
  An orc (D:7)
1 creature vanquished.

Grand Total: 202 creatures vanquished

Notes
Turn   | Place    | Note
-------+----------+-------------------------------------------
     0 | D:1      | floatRand the Draconian Shapeshifter began the quest for
                  | the Orb.
     0 | D:1      | Reached XP level 1. HP: 16/16 MP: 1/1
   495 | D:1      | Reached XP level 2. HP: 22/23 MP: 2/2
   926 | D:2      | Noticed Natasha
   934 | D:2      | Killed Natasha
   935 | D:2      | Reached skill level 4 in Unarmed Combat
   935 | D:2      | Reached XP level 3. HP: 13/28 MP: 3/3
  1010 | D:2      | Noticed Natasha
  1020 | D:2      | Killed Natasha
  1021 | D:2      | Reached XP level 4. HP: 19/35 MP: 4/4
  1121 | D:2      | Noticed Natasha
  1129 | D:2      | Killed Natasha
  2122 | D:3      | Reached skill level 5 in Unarmed Combat
  2122 | D:3      | Reached XP level 5. HP: 36/40 MP: 5/5
  3201 | D:4      | Noticed Robin
  3209 | D:4      | Killed Robin
  3229 | D:4      | Found a sparkling altar of Nemelex Xobeh.
  3694 | D:5      | Entered Level 5 of the Dungeon
  3708 | D:5      | Reached XP level 6. HP: 23/47 MP: 6/6
  3712 | D:5      | Reached skill level 6 in Unarmed Combat
  3855 | D:5      | Found a staircase to the Ecumenical Temple.
  3874 | Temple   | Entered the Ecumenical Temple
  4001 | D:5      | Found a hazy altar of Hepliaklqana.
  4067 | D:5      | Found an ancient bone altar of Kikubaaqudgha.
  4076 | D:5      | Your scales start taking on a golden yellow colour.
  4076 | D:5      | Reached XP level 7. HP: 52/52 MP: 7/7
  4076 | D:5      | Gained mutation: You are resistant to acid. (rCorr) [Yellow
                  | Draconian growth]
  4104 | D:5      | Reached skill level 7 in Unarmed Combat
  4243 | D:5      | Found a snail-covered altar of Cheibriados.
  4499 | D:5      | Reached skill level 5 in Shapeshifting
  4591 | D:6      | Reached skill level 8 in Unarmed Combat
  4599 | D:6      | Reached XP level 8. HP: 37/59 MP: 8/8
  4686 | D:6      | Noticed Pikel
  4701 | D:6      | Killed Pikel
  4702 | D:6      | Reached skill level 9 in Unarmed Combat
  4837 | D:6      | Found a sacrificial altar of Ru.
  5023 | D:6      | Reached skill level 10 in Unarmed Combat
  5049 | D:6      | Found an opulent altar of Gozag.
  5091 | D:6      | Found a bloodstained altar of Trog.
  5096 | D:6      | Reached XP level 9. HP: 64/64 MP: 9/9
  5105 | D:6      | Found a shimmering blue altar of Sif Muna.
  5124 | D:6      | Got Sif Muna's Precepts of Destruction
  5486 | D:6      | Found an ornate altar of the Wu Jian Council.
  5580 | D:6      | Became a worshipper of the Wu Jian Council
  5848 | D:6      | Identified the +0 leather armour of the Lost Path {Fly}
  5911 | D:7      | Identified the +1 morningstar of Leack {holy, Dex+3}
  6096 | D:7      | Reached skill level 1 in Stealth
  6098 | D:7      | Noticed Maggie
  6150 | D:7      | Killed Maggie
  6213 | D:7      | Noticed Prince Ribbit
  6219 | D:7      | Killed Prince Ribbit
  6220 | D:7      | Reached skill level 11 in Unarmed Combat
  6499 | D:7      | Noticed Duvessa
  6499 | D:7      | Noticed Dowan
  6523 | D:6      | HP: 3/64 [poisoned by Duvessa]
  6528 | D:6      | HP: 2/64 [poisoned by Duvessa]
  6982 | D:8      | Noticed a gargoyle
  6989 | D:8      | Killed a gargoyle
  7007 | D:8      | Found an iron altar of Okawaru.
  7061 | D:8      | Reached * piety under Wu Jian
  7144 | D:8      | Noticed a troll
  7226 | D:8      | Killed a troll
  7227 | D:8      | Reached XP level 10. HP: 48/71 MP: 10/10
  7426 | D:8      | You fall into a shaft and drop 3 floors!
  7449 | D:11     | Noticed a two-headed ogre
  7580 | D:11     | Killed a two-headed ogre
  7595 | D:11     | Found a staircase to the Orcish Mines.
  7597 | D:11     | Noticed a manticore
  7720 | D:10     | Entered Level 10 of the Dungeon
  7732 | D:10     | Found Misk's Weapon Emporium.
  7759 | D:10     | Reached skill level 12 in Unarmed Combat
  7816 | D:10     | Found a blossoming altar of Fedhas.
  7839 | D:10     | Found a glowing golden altar of the Shining One.
  7862 | D:10     | Found a white marble altar of Elyvilon.
  7884 | D:10     | Noticed an orange crystal statue
  7993 | D:10     | Found a hide-covered altar of Uskayaw.
  8150 | D:10     | Found a staircase to the Lair.
  8154 | D:10     | Reached ** piety under Wu Jian
  8241 | D:10     | Identified the +0 ring mail "Gysau" {Contam rF+ Str+4
                  | Dex+2}
  8248 | D:10     | Noticed a two-headed ogre
  8257 | D:10     | Killed a two-headed ogre
  8258 | D:10     | Reached skill level 5 in Dodging
  8261 | D:10     | Slain by a troll

Illustrated notes

Levels and vault maps discovered:
D:1:      lemuel_arrival_funnel, layout_loops_cross
D:2:      layout_basic, chequers_arboretum, uniq_natasha
D:3:      layout_basic
D:4:      layout_gridville, nicolae_overflow_hidden_temple, uniq_robin
D:5:      layout_loops_ring, old_standard_altar, general_overflow_altar,
          overflow_temple_1_default, minmay_temple_entry_waves
D:6:      layout_basic, nzn_overflow_gifts_of_might_and_magic,
          nzn_wu_jian_council_hall, nicolae_gozag_seed_capital,
          lemuel_crystal_altar, uniq_pikel
D:7:      layout_loops_corners, serial_demonic, serial_demonic_c,
          serial_demonic_d, serial_demonic_b, serial_demonic_e, uniq_maggie,
          uniq_duvessa, uniq_prince_ribbit1
D:8:      layout_rooms, okawaru_altar_gauntlet_db,
          grunt_dithmenos_smoke_and_mirrors, kennysheep_generic_room_9
D:10:     layout_loops_cross, elyvilon_altar_4, pf_just_have_faith,
          mainiacjoe_overflow_six_doors_small, nicolae_tso_swordbearing_angel,
          dpeg_oklobed_lair, minivault_16, nicolae_take_the_stairs, uniq_lodul
D:11:     layout_gridville, orc_0_dummy, serial_rivers,
          chequers_serial_rivers_marsh, chequers_serial_rivers_small_b,
          chequers_serial_rivers_room_a, chequers_serial_rivers_small_a,
          chequers_serial_rivers_room_a, nzn_sisyphean_effort
Temple:   corrupted_temple

Skill      XL: |  1  2  3  4  5  6  7  8  9 10 |
---------------+-------------------------------+-----
Unarmed Combat | 4 5 6 8 10 11 12 | 12.6
Shapeshifting  | 4 5 6 7 8 |  8.0
Dodging        | 3 5 |  5.0
Stealth        | 3 4 |  4.0
Fighting       | |  1.1

Action                     |  1- 3 |  4- 6 |  7- 9 | 10-12 || total
---------------------------+-------+-------+-------+-------++-------
  Melee: Unarmed           |    72 |   168 |   219 |    81 ||   540
         Tailslap          |    10 |    21 |    32 |    18 ||    81
         Punch             |       |     5 |    15 |     3 ||    23
Ability: Breathe Acid      |       |       |    21 |     5 ||    26
         Lunge             |       |       |    13 |     7 ||    20
         Whirlwind         |       |       |       |     3 ||     3
  Evoke: Wand              |       |       |       |     4 ||     4
    Use: Scroll            |       |    12 |     1 |     1 ||    14
   Stab: Sleeping          |     1 |     3 |     5 |       ||     9
         Distracted        |       |       |     1 |       ||     1
 Armour: Skin              |    24 |    40 |    54 |    23 ||   141
  Dodge: Dodged            |    47 |    85 |   100 |    28 ||   260
   Form: Anaconda          |       |       |       |     1 ||     1
         Beast             |       |       |       |     1 ||     1

Table legend: (Time is in decaauts)
 A = Elapsed time spent in this place.
 B = Non-inter-level travel time spent in this place.
 C = Inter-level travel time spent in this place.
 D = Time resting spent in this place.
 E = Time spent auto-exploring this place.
 F = Levels seen in this place.
 G = Mean time per level.
                   A        B        C        D        E       F      G
               +--------+--------+--------+--------+--------+-----+--------+
         Total |   8201 |   8108 |     93 |    336 |   5711 |  11 |  745.5 |
       Dungeon |   8183 |   8090 |     93 |    326 |   5711 |  10 |  818.3 |
        Temple |     17 |     17 |      0 |     10 |      0 |   1 |   17.0 |
               +--------+--------+--------+--------+--------+-----+--------+

Top non-repeatable levels by time:
     D:6: 1426 daAuts
     D:2: 1041 daAuts
     D:7: 1015 daAuts
     D:3: 969 daAuts
     D:4: 863 daAuts
     D:1: 814 daAuts
     D:5: 806 daAuts
    D:10: 531 daAuts
     D:8: 423 daAuts
    D:11: 292 daAuts
  Temple: 17 daAuts
